 Dungeon Crawl Stone Soup version 0.21.1-1-g345015f (webtiles) character file.

295 Megalobster the Ruffian (level 6, -4/50 HPs)
             Began as a Ghoul Gladiator on Feb 10, 2018.
             Was an Initiate of Makhleb.
             Killed by divine providence
             ... invoked by an orc priest
              (10 damage)
             ... on level 3 of the Dungeon.
             The game lasted 00:07:23 (2940 turns).

Megalobster the Ruffian (Ghoul Gladiator)           Turns: 2940, Time: 00:07:24

Health: -4/50      AC: 13    Str: 20    XL:     6   Next: 34%
Magic:  5/6        EV:  7    Int:  3    God:    Makhleb [......]
Gold:   98         SH:  1    Dex: 10    Spells: 5/5 levels left

rFire    . . .     SeeInvis .     - Unarmed
rCold    + . .     Gourm    .   w - -2 buckler (curse)
rNeg     + + +     Faith    .   j - +2 chain mail {rN+}
rPois    ∞         Spirit   .   b - +0 helmet
rElec    .         Reflect  .   m - +1 cloak
rCorr    .         Harm     .   (no gloves)
MR       .....                  (no boots)
Stlth    ..........             (no amulet)
HPRegen  0.00/turn              x - ring of poison resistance
MPRegen  0.10/turn              (no ring)

@: rotting, drained
A: rotting body, claws 1, carnivore, cold resistance 1, negative energy
resistance 3, inhibited regeneration, torment resistance, unbreathing
a: Renounce Religion


You were on level 3 of the Dungeon.
You worshipped Makhleb.
Makhleb was noncommittal.
You were not hungry.

You visited 1 branch of the dungeon, and saw 3 of its levels.

You collected 98 gold pieces.

Inventory:

Hand Weapons
 p - a +0 hunting sling
 s - a +0 dagger
Missiles
 c - 3 throwing nets (quivered) {!f}
 g - 23 sling bullets
 q - 34 stones
 u - 2 javelins
Armour
 a - a +0 leather armour
 b - a +0 helmet (worn)
 j - a +2 chain mail of positive energy (worn)
 m - a +1 cloak (worn)
 w - a cursed -2 buckler (worn)
Jewellery
 n - an uncursed amulet of harm
 t - an uncursed ring of fire
 x - a ring of poison resistance (left claw)
Scrolls
 e - 3 scrolls of magic mapping {unknown}
 h - 3 scrolls of teleportation {unknown}
 i - a scroll of remove curse {unknown}
 l - 3 scrolls of identify {unknown}
 v - a scroll of fog {unknown}
 y - a scroll of amnesia {unknown}
Potions
 f - a potion of lignification {unknown}
 k - a potion of heal wounds {unknown}
 r - a potion of mutation {unknown}
 z - 2 potions of might {unknown}
Comestibles
 d - 8 rations


   Skills:
 + Level 2.8(2.6) Fighting
 - Level 1.7(1.5) Throwing
 + Level 1.0(0.7) Armour
 + Level 3.0(2.8) Dodging
 * Level 1.4(1.2) Shields
 * Level 6.3(6.1) Unarmed Combat
 + Level 1.3(1.1) Invocations


You had 5 spell levels left.
You didn't know any spells.

Dungeon Overview and Level Annotations

Branches:
Dungeon (3/15)

Altars:
Makhleb
Sif Muna


Innate Abilities, Weirdness & Mutations

Your body is rotting away.
You thrive on raw meat.
You are immune to poison.
You have sharp fingernails.
You are carnivorous and can eat meat at any time.
Your flesh is cold resistant. (rC+)
You are immune to negative energy. (rN+++)
You do not regenerate when monsters are visible.
You are immune to unholy pain and torment.
You can survive without breathing.


Message History

You claw the orc!
You kill the orc!
Makhleb accepts your kill. The orc barely misses you.
The orc priest calls down the wrath of Beogh upon you.
Beogh smites you!
* * * LOW HITPOINT WARNING * * *
You see here a short sword.
You take 8 damage, and have 6/50 hp.
You scratch the orc priest.
The orc priest is lightly wounded.
The orc priest hits you but does no damage.
The orc hits you but does no damage.
Your shield and chain mail prevent you from hitting the orc priest.
The orc priest is lightly wounded.
You closely miss the orc priest.
The orc priest is lightly wounded.
The orc priest invokes the aid of Beogh against you.
Beogh smites you!
You die...

######## #......#
#.####.###
###############.# #.##.
......o@o#......####'##.
########.#..............
#.#..............
#.#..............
#########.####'#.........
.........................
######.#.####.#.........
######....# #...........
#......#..# #.##........


You could see an orc priest and an orc.

Vanquished Creatures
  An ogre (D:3)
  A jelly (D:3)
  A bullfrog skeleton (D:2)
  2 orc priests (D:3)
  2 adders
  A dart slug (D:1)
  2 leopard geckos
  5 orcs (D:3)
  9 bats
  5 giant cockroaches
  10 goblins
  8 hobgoblins
  6 jackals
  5 kobolds
  A quokka (D:3)
  A ball python (D:2)
  3 frilled lizards (D:2)
  4 rats
67 creatures vanquished.

Notes
Turn   | Place    | Note
-------+----------+-------------------------------------------
     0 | D:1      | Megalobster the Ghoul Gladiator began the quest for the Orb.
     0 | D:1      | Reached XP level 1. HP: 17/17 MP: 0/0
   154 | D:1      | Reached XP level 2. HP: 24/24 MP: 1/1
   155 | D:1      | Reached skill level 4 in Unarmed Combat
   713 | D:1      | Reached XP level 3. HP: 29/29 MP: 2/2
  1044 | D:2      | Reached skill level 5 in Unarmed Combat
  1044 | D:2      | Reached XP level 4. HP: 30/34 MP: 3/3
  1068 | D:2      | Noticed a phantom
  2072 | D:3      | Found a deep blue altar of Sif Muna.
  2092 | D:3      | Found a burning altar of Makhleb.
  2103 | D:3      | Became a worshipper of Makhleb the Destroyer
  2315 | D:3      | Reached skill level 6 in Unarmed Combat
  2315 | D:3      | Reached XP level 5. HP: 40/41 MP: 4/4
  2685 | D:3      | Noticed an ogre
  2690 | D:3      | Killed an ogre
  2690 | D:3      | Reached skill level 1 in Shields
  2690 | D:3      | Reached skill level 1 in Invocations
  2690 | D:3      | Reached XP level 6. HP: 34/50 MP: 5/5
  2932 | D:3      | Reached skill level 1 in Armour
  2940 | D:3      | Killed from afar by an orc priest

Skill      XL: |  1  2  3  4  5  6 |
---------------+-------------------+-----
Unarmed Combat | 4 5 6 |  6.3
Dodging        | 3 |  3.0
Shields        | 1 |  1.4
Invocations    | 1 |  1.3
Armour         | 1 |  1.0
Fighting       | |  2.8
Throwing       | |  1.7

Action                   |  1- 3 |  4- 6 || total
-------------------------+-------+-------++-------
Melee: Unarmed           |    50 |   206 ||   256
       Punch             |       |     2 ||     2
  Eat: Chunk             |     4 |    11 ||    15
Armor: Leather armour    |     8 |       ||     8
       Chain mail        |     6 |   139 ||   145
Dodge: Dodged            |    27 |    79 ||   106
Block: Buckler           |       |     1 ||     1
